 Dungeon Crawl Stone Soup version 0.31-a0-198-g2ad674f65e (webtiles) character file.

Game seed: 16210727170644796968

125 qw the Skirmisher (level 4, 0/25 HPs)
             Began as a Deep Elf Hunter on June 25, 2023.
             Slain by Sigmund
             ... wielding a +1 scythe of venom
              (4 damage)
             ... on level 2 of the Dungeon.
             The game lasted 00:00:36 (1303 turns).

qw the Skirmisher (Deep Elf Hunter)                 Turns: 1303, Time: 00:00:36

Health: 0/25       AC:  3    Str: 10    XL:     4   Next: 82%
Magic:  6/6        EV: 12    Int: 14    God:
Gold:   137        SH:  0    Dex: 18    Spells: 3/3 levels left

rFire   . . .        Y - +0 shortbow
rCold   . . .        (shield currently unavailable)
rNeg    . . .        c - +0 leather armour
rPois   .            (no helmet)
rElec   .            (no cloak)
rCorr   .            (no gloves)
SInv    .            (no boots)
Will    .....        (no amulet)
Stlth   ++           (no ring)
HPRegen 0.24/turn    (no ring)
MPRegen 0.10/turn

%: no passive effects
@: about to teleport
A: no striking features
a: no special abilities


You were on level 2 of the Dungeon.
You visited 1 branch of the dungeon, and saw 2 of its levels.

You collected 137 gold pieces.


   Skills:
 - Level 1.5 Fighting
 + Level 8.2 Ranged Weapons
 - Level 2.4 Dodging
 - Level 1.2 Stealth


You had 3 spell levels left.
You didn't know any spells.
Your spell library was empty.

Inventory:

Hand Weapons
 Y - a +0 shortbow (weapon)
Armour
 b - a +0 ring mail
 c - a +0 leather armour (worn)
 f - a +0 helmet
Scrolls
 a - a scroll of teleportation
 d - a scroll of identify {unknown}
Potions
 e - a potion of lignification {unknown}

Dungeon Overview and Level Annotations

Branches:
Dungeon (2/15)

Altars:

Annotations:
D:2 Sigmund


Message History

The gnoll hits you with a +0 halberd.
You shoot an arrow.
The arrow hits the gnoll but does no damage.
The gnoll misses you.
Sigmund the Dreaded comes into view.
He is wielding a +1 scythe of venom.
You shoot an arrow. The arrow barely misses the gnoll.
The gnoll hits you with a +0 halberd!
You shoot an arrow.
The arrow hits the gnoll but does no damage.
The gnoll barely misses you.
You shoot an arrow. The arrow hits the gnoll!
The gnoll is severely wounded.
The gnoll closely misses you.
You shoot an arrow. The arrow barely misses the gnoll.
The gnoll closely misses you.
You shoot an arrow.
The arrow hits the gnoll but does no damage.
The gnoll is severely wounded.
The gnoll hits you with a +0 halberd.
You shoot an arrow. The arrow hits the gnoll!
You kill the gnoll!
Sigmund closely misses you.
You shoot an arrow. The arrow hits the endoplasm.
The endoplasm is almost dead.
The endoplasm freezes you.
You are frozen.
Sigmund closely misses you.
1301 ||| READING 2 scrolls of teleportation.
As you read the scroll of teleportation, it crumbles to dust.
You feel strangely unstable. The endoplasm freezes you.
You are frozen.
You shoot an arrow. The arrow hits the endoplasm.
You kill the endoplasm!
Sigmund casts a spell.
Sigmund flickers and vanishes!
Deactivating autopickup; reactivate with Ctrl-A.
You hear a shout!
You shoot an arrow. Something hits you.
You die...

#.... ....... #..%.
..).... #.... .......
#.... ....... #.... .....
##### #..{ ## # #..)###.#
####### # #..#@..##
#.....# # #.#..}.8#
#.....# #
+.#.}..#####.....#
#.#...#_#8#......####
+..#8#\#...#.....+...
#.###...###..}.#.....####
#....)...#8.}..#.........
#.........#...#........).
#..........###..#'#'#####


There were no monsters in sight!

Vanquished Creatures
  Robin (D:2)
  3 gnolls (D:2)
  2 adders (D:2)
  A worm (D:2)
  3 dart slugs
  2 ball pythons (D:1)
  7 endoplasms
  2 giant cockroaches (D:1)
  11 goblins
  6 hobgoblins
  4 kobolds
  2 quokkas
  5 bats
  2 frilled lizards (D:1)
  2 rats
53 creatures vanquished.

Notes
Turn   | Place    | Note
-------+----------+-------------------------------------------
     0 | D:1      | qw the Deep Elf Hunter began the quest for the Orb.
     0 | D:1      | Reached XP level 1. HP: 12/12 MP: 3/3
     0 | D:1      | 0 ||| qw: Version: 0.3-a-22-g0ed2b0b
     0 | D:1      | 0 ||| qw: Game counter: 5443
     0 | D:1      | 0 ||| qw: Melee chars always use a shield: true
     0 | D:1      | 0 ||| qw: God list: Okawaru
     0 | D:1      | 0 ||| qw: Allow faded altars: false
     0 | D:1      | 0 ||| qw: Do Orc after clearing Dungeon:15 true
     0 | D:1      | 0 ||| qw: Do second Lair branch before Depths: true
     0 | D:1      | 0 ||| qw: Lair rune preference: random
     0 | D:1      | 0 ||| qw: Goals: Normal
     0 | D:1      | 0 ||| PLANNING D:1-11
   110 | D:1      | Reached skill level 6 in Ranged Weapons
   110 | D:1      | Reached XP level 2. HP: 16/16 MP: 4/4
   425 | D:1      | Reached XP level 3. HP: 20/20 MP: 5/5
   638 | D:1      | 638 ||| READING 2 scrolls labelled WYEBOIRHUU.
   641 | D:1      | 641 ||| DROPPING scroll of butterflies.
   766 | D:2      | Reached skill level 7 in Ranged Weapons
   946 | D:2      | 946 ||| Stepping ~*~*~tactically~*~*~ (outnumbered).
   948 | D:2      | 948 ||| Stepping ~*~*~tactically~*~*~ (outnumbered).
   950 | D:2      | 950 ||| Stepping ~*~*~tactically~*~*~ (outnumbered).
   952 | D:2      | 952 ||| Stepping ~*~*~tactically~*~*~ (outnumbered).
   961 | D:2      | Reached XP level 4. HP: 14/25 MP: 6/6
   962 | D:2      | HP: 4/25 [gnoll/+0 halberd (7)]
   963 | D:2      | 963 ||| READING 2 scrolls of teleportation.
  1099 | D:2      | Noticed Robin
  1107 | D:2      | Killed Robin
  1136 | D:2      | Reached skill level 8 in Ranged Weapons
  1267 | D:2      | Found a faded altar of an unknown god.
  1293 | D:2      | Noticed Sigmund
  1300 | D:2      | HP: 5/25 [frozen (3)]
  1301 | D:2      | 1301 ||| READING 2 scrolls of teleportation.
  1303 | D:2      | Slain by Sigmund

Levels and vault maps discovered:
D:1:      shiori_arrival_oz, layout_basic, serial_park_tiny_1,
          minmay_heptomino_d4
D:2:      layout_basic, basic_altar, shapermc_ecumenical_altar_venn,
          minmay_ruptured, uniq_sigmund, uniq_robin

Skill      XL: |  1  2  3  4 |
---------------+-------------+-----
Ranged Weapons | 6 7 8 |  8.2
Fighting       | |  1.5
Dodging        | |  2.4
Stealth        | |  1.2

Action                     |  1- 3 |  4- 6 || total
---------------------------+-------+-------++-------
   Fire: Shortbow          |    91 |    58 ||   149
    Use: Scroll            |     1 |     2 ||     3
 Armour: Leather armour    |     4 |     5 ||     9
  Dodge: Dodged            |    17 |    21 ||    38

Table legend:
 A = Non-vault XP
 B = Vault XP
 C = Vault XP percentage of total XP
 D = Non-vault monster count
 E = Vault monster count
 F = Vault count percentage of total count
                 A         B        C        D         E       F
            +---------+---------+-------+---------+---------+-------
      Total |     118 |      61 |  34.1 |      35 |      18 |  34.0
            +---------+---------+-------+---------+---------+-------
        D:1 |      42 |       7 |  14.3 |      22 |       4 |  15.4
        D:2 |      76 |      54 |  41.5 |      13 |      14 |  51.9
            +---------+---------+-------+---------+---------+-------
